 Dungeon Crawl Stone Soup version 0.18.1-6-gd335043 (webtiles) character file.

98642 tyrsky the Eclecticist (level 15, -6/114 HPs)
             Began as a High Elf Fire Elementalist on May 17, 2016.
             Was the Champion of Vehumet.
             Mangled by a shambling mangrove (29 damage)
             ... on level 3 of the Swamp.
             The game lasted 03:04:59 (29827 turns).

tyrsky the Eclecticist (HEFE)                      Turns: 29827, Time: 03:05:00

Health: -6/114     AC: 18    Str:  8    XL:     15   Next: 75%
Magic:  9/45       EV: 11    Int: 26    God:    Vehumet [******]
Gold:   867        SH:  6    Dex: 13    Spells: 10 memorised, 10 levels left

rFire  + + .     SeeInvis +     A - +3 Elemental Staff {rElec rF++ rC++ MR++ AC+5}
rCold  + + +     Gourm    .     s - +2 robe of Paranoia {rN+ Int+2 Dex-5}
rNeg   + . .     Faith    +     W - +1 buckler {rC+}
rPois  .         Spirit   .     S - +2 helmet {SInv}
rElec  +         Dismiss  .     H - +2 cloak
rCorr  .         Reflect  .     x - +0 pair of gloves
SustAt .         Harm     .     (no boots)
MR     +++..                    M - amulet of faith
Stlth  +.........               D - ring of magical power
                                (no ring)

@: about to teleport, marked, grasped by roots, repel missiles, very slow,
extremely resistant to hostile enchantments, very unstealthy
A: rugged brown scales 1, regeneration 1, robust 1, evolution 1
a: Renounce Religion


You were on level 3 of the Swamp.
You worshipped Vehumet.
Vehumet was exalted by your worship.
You were not hungry.

You visited 5 branches of the dungeon, and saw 29 of its levels.
You also visited: Ice Cave.

You collected 2526 gold pieces.
You spent 1659 gold pieces at shops.

Inventory:

Hand Weapons
 a - the +5 falchion "Uryuk" {slice, rElec Int+3 SInv}
   (You found it on level 8 of the Lair of Beasts)

   It inflicts extra damage upon your enemies.
   It affects your intelligence (+3).
   It insulates you from electricity.
   It lets you see invisible.
 A - the +3 Elemental Staff (weapon) {rElec rF++ rC++ MR++ AC+5}
   (You found it on level 8 of the Lair of Beasts)

   It affects your AC (+5).
   It greatly protects you from fire.
   It greatly protects you from cold.
   It insulates you from electricity.
   It affects your resistance to hostile enchantments.
Armour
 s - the +2 robe of Paranoia (worn) {rN+ Int+2 Dex-5}
   (You found it on level 8 of the Lair of Beasts)

   It affects your intelligence (+2).
   It affects your dexterity (-5).
   It protects you from negative energy.
 x - a +0 pair of gloves (worn)
 E - the +1 leather armour of Restlessness {rElec rC+}
   (You found it on level 12 of the Dungeon)

   It protects you from cold.
   It insulates you from electricity.
 H - a +2 cloak (worn)
 N - the +1 ring mail "Ygesaupn" {rPois rN+}
   (You found it on level 8 of the Dungeon)

   It protects you from poison.
   It protects you from negative energy.
 S - a +2 helmet of see invisible (worn)
 W - a +1 buckler of cold resistance (worn)
Magical Staves
 L - an uncursed staff of power
Jewellery
 u - an uncursed ring of resist corrosion
 y - an uncursed ring of flight
 D - a ring of magical power (right hand)
 G - an uncursed ring of wizardry
 J - an uncursed ring of poison resistance
 K - an uncursed ring of protection from magic
 M - an amulet of faith (around neck)
 R - a +3 amulet of reflection
Wands
 f - a wand of teleportation (2/9)
 Q - a wand of lightning (5/15)
Scrolls
 b - 2 scrolls of magic mapping
 g - 6 scrolls of remove curse
 i - 5 scrolls of fog
 j - a scroll of enchant weapon
 n - 8 scrolls of immolation
 p - a scroll of identify {@*1}
 t - a scroll of teleportation
 B - 2 scrolls of amnesia
 F - a scroll of recharging
 T - a scroll of summoning
 U - 2 scrolls of fear {unknown}
 Y - 2 scrolls of enchant armour
Potions
 d - 2 potions of heal wounds
 h - a potion of flight
 l - a potion of cure mutation
 m - 3 potions of brilliance
 o - 3 potions of curing
 w - a potion of resistance
 z - a potion of mutation
 C - 4 potions of agility
 I - 4 potions of invisibility
 O - 2 potions of magic
 P - 3 potions of haste
 X - a potion of cancellation
Books
 e - a Grand Grimoire

   Spells                             Type                      Level
   a - Monstrous Menagerie            Summoning                    7
   b - Summon Greater Demon           Summoning                    7
   c - Malign Gateway                 Summoning/Translocation      7
   d - Summon Horrible Things         Summoning                    8
Miscellaneous
 q - a crystal ball of energy {w}
Comestibles
 c - 7 bread rations
 k - 13 meat rations
 v - 34 fruits
 V - 12 royal jellies


   Skills:
 + Level 9.3 Fighting
 + Level 4.9 Armour
 - Level 9.1 Dodging
 - Level 2.1 Stealth
 + Level 4.0 Shields
 - Level 16.0 Spellcasting
 + Level 12.7 Conjurations
 + Level 12.1 Fire Magic
 * Level 10.4 Air Magic
 - Level 7.3 Evocations


You had 10 spell levels left.
You knew the following spells:

 Your Spells              Type           Power        Failure   Level  Hunger
a - Fireball              Conj/Fire      ######....   1%          5    None
b - Conjure Flame         Conj/Fire      ######..     1%          3    None
c - Sticky Flame          Conj/Fire      ######..     1%          4    None
d - Flame Tongue          Conj/Fire      #####        0%          1    None
e - Iron Shot             Conj/Erth      ######....   10%         6    ####...
f - Freezing Cloud        Conj/Ice/Air   ######....   4%          6    ####...
g - Iskenderun's Battles  Conj/Chrm      ######..     2%          5    None
h - Delayed Fireball      Conj/Fire      N/A          4%          7    #####..
i - Repel Missiles        Chrm/Air       #####.       1%          2    None
j - Swiftness             Chrm/Air       #####...     1%          2    None


Dungeon Overview and Level Annotations

Branches:
Dungeon (15/15)            Temple (1/1) D:5            Lair (8/8) D:8
  Swamp (3/4) Lair:6       Spider (0/4) Lair:4        Slime (0/6) Lair:6
    Orc (2/2) D:12            Elf (0/3) Orc:2        Vaults (0/5) D:14
 Depths (0/5) D:15

Altars:
Ashenzari
Cheibriados
Dithmenos
Elyvilon
Fedhas
Gozag
Kikubaaqudgha
Makhleb
Nemelex Xobeh
Okawaru
Pakellas
Qazlal
Ru
Sif Muna
Trog
Vehumet
Xom
Yredelemnul
Zin
The Shining One
Jiyva

Shops:
D:13 (   Orc:2 [:(=

Annotations:
D:7 exclusion: 2 slaves
D:13 arti
Lair:4 exclusion: electric eel


Innate Abilities, Weirdness & Mutations

You are partially covered in rugged brown scales (AC +1, +3% HP).
Your natural rate of healing is unusually fast.
You are robust (+10% HP).
You evolve.


Message History

Okay, then.
Read which item? (? for menu, Esc to quit)
Okay, then.
Evoke which item? (* to show all) (? for menu, Esc to quit)
Okay, then.
Aiming: Delayed Fireball
Press: ? - help, Shift-Dir - straight line, p - alligator The fireball explodes!
The fireball engulfs the alligator.
The alligator is heavily wounded.
The fireball engulfs the spriggan rider.
The spriggan rider is moderately wounded.
You smell burning wood.
Read which item? (? for menu, Esc to quit)
As you read the scroll of teleportation, it crumbles to dust.
You feel strangely unstable.
The alligator is engulfed in a cloud of scalding steam.
The alligator closely misses you. The alligator tail-slaps you!
* * * LOW HITPOINT WARNING * * *
The shambling mangrove hits you!!
You die...

.≈.≈.≈≈≈≈≈≈≈t
♣♣♣♣♣n..≈≈..≈≈≈≈≈
♣...♣..≈..≈.....≈≈.
♣≈.§<.≈≈♣♣♣...≈≈.≈.≈♣ .≈
♣♣♣..†.≈♣♣≈...≈.....♣ .≈§
♣♣.≈≈≈♣♣P.v♣≈≈†)≈..♣♣♣≈≈
♣.≈≈≈.f♣P.§♣≈≈≈....≈...
♣.≈≈≈≈≈.♣PP§§≈≈≈≈≈..≈.≈♣
♣♣.≈≈.≈♣♣Peti≈≈≈≈≈.≈≈≈♣♣♣♣♣
♣♣..♣♣♣♣♣.ft≈≈≈≈≈.≈.§♣....
♣♣♣ ♣♣♣...≈≈.....≈.≈≈≈
♣♣♣.....≈..≈.≈≈≈
♣♣♣.≈♣♣♣≈...≈≈ ♣♣♣♣ ♣≈.§.≈≈
♣.≈≈≈..≈ ♣.≈.≈♣♣♣ ♣♣♣♣♣♣


You could see a thorn hunter, a shambling mangrove, 2 alligators, a spriggan
rider, a bog body and an insubstantial wisp.

Vanquished Creatures
  A thorn hunter (Swamp:1)
  A fire giant (D:15)
  3 dire elephants (Lair:8)
  Snorg (Lair:5)
  Josephine (Orc:1)
  Fannar (D:11)
  A rakshasa (D:15)
  A yaktaur captain (D:14)
  8 hydras
  A centaur warrior (Orc:2)
  An anaconda (Lair:8)
  7 alligators
  6 death yaks (Lair:8)
  An ogre mage (D:15)
  Sonja (D:11)
  2 spriggans
  4 unseen horrors
  A swamp dragon (Swamp:1)
  A shambling mangrove (Swamp:2)
  8 hill giants
  A necromancer (IceCv)
  An orc knight (Orc:2)
  An oklob plant (D:10)
  8 ugly things
  A hornet (Swamp:1)
  Maurice (D:8)
  6 black mambas
  2 deep elf magi
  4 cyclopes
  A griffon (D:13)
  An ice statue (IceCv)
  8 elephants
  18 spiny frogs
  A gargoyle (D:15)
  2 yaktaurs (D:14)
  A kobold demonologist (D:14)
  A rime drake (Lair:3)
  5 komodo dragons
  10 freezing wraiths (IceCv)
  An efreet (D:13)
  2 tengu conjurers (D:15)
  2 trolls
  A queen bee (Lair:5)
  3 giant leeches
  2 two-headed ogres
  5 bog bodies
  12 slime creatures
  15 blink frogs
  4 wraiths
  4 shadows
  Sigmund (D:3)
  3 vampires
  2 wyverns
  20 yaks
  A hungry ghost (D:10)
  4 basilisks
  14 vampire mosquitoes
  9 hippogriffs
  9 swamp worms
  4 wargs
  Edmund (D:5)
  13 water moccasins
  13 porcupines
  3 swamp drakes
  17 ice beasts
  5 sky beasts
  29 orc warriors
  6 phantoms
  An alligator simulacrum (IceCv)
  5 wasps
  12 ogres
  4 wolves
  18 centaurs
  8 crocodiles
  5 big kobolds
  16 giant frogs
  Blork the orc (D:6)
  A gnoll sergeant (D:7)
  2 wyvern skeletons
  7 scorpions
  An elephant simulacrum (IceCv)
  40 killer bees
  An oklob sapling (D:10)
  9 wights (D:12)
  An electric eel (Lair:4)
  3 howler monkeys
  3 crimson imps
  4 draconian simulacra (IceCv)
  2 giant frog zombies
  7 centaur zombies
  5 hounds
  Crazy Yiuf (D:7)
  9 centaur skeletons
  A gnoll shaman (D:8)
  7 orc priests
  4 jellies
  16 orc wizards
  2 giant frog skeletons (D:11)
  17 iguanas
  Ijyb (D:3)
  A hell rat (D:8)
  5 spriggan simulacra (IceCv)
  2 polar bear simulacra (IceCv)
  9 worker ants
  A killer bee zombie (D:7)
  17 sheep
  7 centaur simulacra
  2 hound zombies
  4 hound skeletons
  3 worker ant zombies
  16 adders
  12 gnolls
  2 naga simulacra (IceCv)
  3 ogre simulacra (IceCv)
  29 river rats
  8 shadow imps
  12 white imps (IceCv)
  An ooze (D:2)
  2 adder skeletons
  A worm (D:3)
  2 dart slugs
  An adder simulacrum (D:10)
  6 giant geckos
  93 orcs
  3 giant cockroaches
  A goblin (D:2)
  6 hobgoblins
  9 jackals
  24 kobolds
  8 quokkas
  6 ball pythons
  4 bats
  A giant gecko skeleton (D:7)
  A giant gecko zombie (D:5)
  5 giant newts
  11 rats
  4 bushes
  A fungus (Lair:8)
  6 plants
872 creatures vanquished.

Vanquished Creatures (others)
  A stone giant (Orc:2)
  An unseen horror (D:14)
  10 fungi
  13 plants
  9 toadstools (Lair:4)
34 creatures vanquished.

Grand Total: 906 creatures vanquished

Notes
Turn   | Place    | Note
--------------------------------------------------------------
     0 | D:1      | tyrsky the High Elf Fire Elementalist began the quest for the Orb.
     0 | D:1      | Reached XP level 1. HP: 11/11 MP: 4/4
   478 | D:1      | Reached XP level 2. HP: 17/17 MP: 3/6
   711 | D:2      | Reached skill level 3 in Spellcasting
  1008 | D:2      | Reached XP level 3. HP: 18/21 MP: 2/8
  1523 | D:2      | Reached XP level 4. HP: 27/27 MP: 8/10
  1828 | D:2      | Learned a level 3 spell: Conjure Flame
  1833 | D:2      | Learned a level 4 spell: Sticky Flame
  1840 | D:2      | Reached skill level 4 in Spellcasting
  2114 | D:3      | Noticed Sigmund
  2117 | D:3      | Noticed Ijyb
  2135 | D:3      | Reached XP level 5. HP: 29/31 MP: 0/12
  2266 | D:3      | Killed Ijyb
  2296 | D:3      | Killed Sigmund
  2296 | D:3      | Reached skill level 5 in Spellcasting
  2296 | D:3      | Reached XP level 6. HP: 36/36 MP: 0/15
  2718 | D:4      | Found a stormy altar of Qazlal.
  2817 | D:4      | Found an opulent altar of Gozag.
  2887 | D:5      | Entered Level 5 of the Dungeon
  2938 | D:5      | Reached XP level 7. HP: 17/41 MP: 1/16
  3054 | D:5      | Reached skill level 6 in Spellcasting
  3353 | D:5      | Reached skill level 5 in Fire Magic
  3467 | D:5      | Found a staircase to the Ecumenical Temple.
  3479 | Temple   | Entered the Ecumenical Temple
  3571 | D:5      | Noticed Edmund
  3581 | D:5      | Killed Edmund
  3595 | D:5      | Reached skill level 7 in Spellcasting
  3595 | D:5      | Reached skill level 5 in Conjurations
  3898 | D:5      | Reached XP level 8. HP: 30/46 MP: 9/20
  3904 | D:5      | Found a radiant altar of Vehumet.
  3908 | D:5      | Became a worshipper of Vehumet
  4306 | D:6      | Reached skill level 8 in Spellcasting
  4815 | D:6      | Noticed Blork the orc
  4823 | D:6      | Killed Blork the orc
  4930 | D:7      | Reached skill level 9 in Spellcasting
  4937 | D:7      | Learned a level 5 spell: Fireball
  4998 | D:7      | Reached * piety under Vehumet
  4998 | D:7      | Offered knowledge of Magic Dart by Vehumet.
  5175 | D:7      | Reached XP level 9. HP: 40/51 MP: 11/23
  5242 | D:7      | Found an iron altar of Okawaru.
  5634 | D:7      | Reached skill level 10 in Spellcasting
  5967 | D:7      | Offered knowledge of Freeze by Vehumet.
  5986 | D:7      | Reached ** piety under Vehumet
  6137 | D:7      | Found a shattered altar of Ashenzari.
  6349 | D:7      | Noticed Crazy Yiuf
  6352 | D:7      | Killed Crazy Yiuf
  6659 | D:8      | Found a staircase to the Lair.
  6705 | D:8      | Reached skill level 1 in Fighting
  6705 | D:8      | Reached skill level 11 in Spellcasting
  6711 | D:8      | Offered knowledge of Static Discharge by Vehumet.
  6855 | D:8      | Noticed Maurice
  6929 | D:8      | Killed Maurice
  6929 | D:8      | Reached XP level 10. HP: 59/59 MP: 4/26
  7328 | D:8      | Found a sacrificial altar of Ru.
  7331 | D:8      | Reached *** piety under Vehumet
  7650 | D:8      | Offered knowledge of Throw Icicle by Vehumet.
  7792 | D:8      | Found an oddly glowing altar of Pakellas.
  7792 | D:8      | Found an ancient bone altar of Kikubaaqudgha.
  7857 | D:8      | Got an ichor-stained ring mail
  7868 | D:8      | Identified the cursed +1 ring mail "Ygesaupn" {rPois rN+} (You found it on level 8 of the Dungeon)
  8008 | Lair:1   | Entered Level 1 of the Lair of Beasts
  8039 | Lair:1   | Noticed a spiny frog
  8048 | Lair:1   | Killed a spiny frog
  8379 | Lair:1   | Reached skill level 12 in Spellcasting
  8500 | Lair:1   | Noticed a spiny frog
  8506 | Lair:1   | Killed a spiny frog
  8526 | Lair:2   | Noticed a spiny frog
  8532 | Lair:2   | Killed a spiny frog
  8565 | Lair:2   | Reached **** piety under Vehumet
  8576 | Lair:2   | Reached skill level 5 in Dodging
  8576 | Lair:2   | Reached XP level 11. HP: 29/68 MP: 0/28
  9182 | Lair:2   | Offered knowledge of Irradiate by Vehumet.
  9293 | Lair:2   | Reached skill level 1 in Evocations
 10142 | Lair:3   | Noticed a seven-headed hydra
 10148 | Lair:3   | Killed a seven-headed hydra
 10148 | Lair:3   | Reached skill level 13 in Spellcasting
 10627 | Lair:4   | Found a hole to the Spider Nest.
 10641 | Lair:4   | Reached skill level 5 in Fighting
 10663 | Lair:4   | Reached ***** piety under Vehumet
 10785 | Lair:4   | Offered knowledge of Poison Arrow by Vehumet.
 11509 | Lair:5   | Reached XP level 12. HP: 69/77 MP: 12/30
 11672 | Lair:5   | Found a dark tunnel.
 12007 | Lair:5   | Gained mutation: Your natural rate of healing is unusually fast. [potion of beneficial mutation]
 12008 | Lair:5   | Gained mutation: You are robust (+10% HP). [potion of beneficial mutation]
 12020 | Lair:5   | Noticed Snorg
 12025 | Lair:5   | Killed Snorg
 12025 | Lair:5   | Reached skill level 10 in Conjurations
 12309 | Lair:5   | Reached skill level 14 in Spellcasting
 12842 | Lair:6   | Got an ebony glaive
 12843 | Lair:6   | Identified the +1 glaive of Isaseb {freeze, *Noise MR+ MP+9 Dex+7} (You found it on level 6 of the Lair of Beasts)
 12891 | Lair:6   | Found a viscous altar of Jiyva.
 12892 | Lair:6   | Found a staircase to the Slime Pits.
 13105 | Lair:6   | Found a staircase to the Swamp.
 13148 | Lair:6   | Got an encrusted scimitar
 13149 | Lair:6   | Identified the +5 scimitar "Geponev" {slice, *Confuse +Inv rF+ MR+} (You found it on level 6 of the Lair of Beasts)
 13802 | Lair:8   | Entered Level 8 of the Lair of Beasts
 14042 | Lair:8   | Reached skill level 10 in Fire Magic
 14098 | Lair:8   | Noticed a death yak
 14099 | Lair:8   | Noticed a death yak
 14117 | Lair:8   | Killed a death yak
 14117 | Lair:8   | Reached skill level 5 in Evocations
 14199 | Lair:8   | Noticed a death yak
 14276 | Lair:8   | Got a pitted falchion
 14277 | Lair:8   | Identified the +5 falchion "Uryuk" {slice, rElec Int+3 SInv} (You found it on level 8 of the Lair of Beasts)
 14447 | Lair:8   | Got a silken robe
 14458 | Lair:8   | Identified the +2 robe of Paranoia {rN+ Int+2 Dex-5} (You found it on level 8 of the Lair of Beasts)
 14485 | Lair:8   | Noticed a death yak
 14496 | Lair:8   | Killed a death yak
 14520 | Lair:8   | Noticed a death yak
 14733 | Lair:8   | Noticed a death yak
 14734 | Lair:8   | Noticed a death yak
 14735 | Lair:8   | Noticed a death yak
 14736 | Lair:8   | Killed a death yak
 14736 | Lair:8   | Reached XP level 13. HP: 93/93 MP: 18/32
 15371 | Lair:8   | Noticed a dire elephant
 15380 | Lair:8   | Killed a dire elephant
 15380 | Lair:8   | Reached skill level 15 in Spellcasting
 15523 | Lair:8   | Noticed a dire elephant
 15523 | Lair:8   | Noticed a dire elephant
 15536 | Lair:8   | Killed a dire elephant
 15549 | Lair:8   | Killed a dire elephant
 15601 | Lair:8   | Noticed a dire elephant
 15745 | Lair:8   | Noticed a dire elephant
 16051 | D:9      | Offered knowledge of Iron Shot by Vehumet.
 16059 | D:9      | Learned a level 6 spell: Iron Shot
 16094 | D:9      | Learned a level 6 spell: Freezing Cloud
 16586 | D:10     | Entered Level 10 of the Dungeon
 16907 | D:10     | Reached skill level 1 in Air Magic
 17749 | D:11     | Offered knowledge of Iskenderun's Battlesphere by Vehumet.
 17903 | D:11     | Noticed Sonja
 17903 | D:11     | Noticed Fannar
 17905 | D:11     | Killed Sonja
 17907 | D:11     | Killed Fannar
 18504 | D:10     | Found a blossoming altar of Fedhas.
 18918 | D:10     | Identified the Papyrus of Nature
 18925 | D:10     | Learned a level 5 spell: Iskenderun's Battlesphere
 19022 | D:12     | Got a transparent leather armour
 19033 | D:12     | Identified the +1 leather armour of Restlessness {rElec rC+} (You found it on level 12 of the Dungeon)
 19971 | D:12     | Offered knowledge of Delayed Fireball by Vehumet.
 19981 | D:12     | Learned a level 7 spell: Delayed Fireball
 20192 | D:12     | Found a staircase to the Orcish Mines.
 20304 | D:12     | Reached XP level 14. HP: 102/102 MP: 26/34
 20841 | Orc:1    | Entered Level 1 of the Orcish Mines
 20917 | Orc:1    | Noticed Josephine
 20918 | Orc:1    | Killed Josephine
 21221 | Orc:2    | Entered Level 2 of the Orcish Mines
 21318 | Orc:2    | Reached skill level 5 in Air Magic
 21484 | Orc:2    | Found a staircase to the Elven Halls.
 21767 | Orc:2    | Noticed a stone giant
 22773 | Orc:2    | Found Bicer's Weapon Shop.
 22773 | Orc:2    | Found Nyffejipn's Book Emporium.
 22775 | Orc:2    | Found Taix's Antique Armour Shoppe.
 22777 | Orc:2    | Found Gutyilil's Jewellery Boutique.
 22792 | Orc:2    | Bought a book of Air for 595 gold pieces
 22795 | Orc:2    | Learned a level 2 spell: Repel Missiles
 22797 | Orc:2    | Bought a shadowed robe for 182 gold pieces
 22797 | Orc:2    | Bought a runed helmet for 144 gold pieces
 22797 | Orc:2    | Bought a shield for 144 gold pieces
 22797 | Orc:2    | Bought a glowing cloak for 144 gold pieces
 22822 | Orc:2    | Identified the +4 robe of Xotwe {Regen+} (You bought it in a shop on level 2 of the Orcish Mines)
 22880 | Orc:2    | Bought a +3 amulet of reflection for 450 gold pieces
 23008 | Orc:2    | Offered knowledge of Conjure Ball Lightning by Vehumet.
 23010 | Orc:2    | Killed a stone giant
 23065 | Orc:2    | Learned a level 2 spell: Swiftness
 23398 | D:13     | Reached skill level 1 in Armour
 23690 | D:13     | Reached skill level 16 in Spellcasting
 23697 | D:13     | Found a frozen archway.
 23706 | IceCv    | Entered an ice cave
 24121 | IceCv    | Found an ancient bone altar of Kikubaaqudgha.
 24709 | IceCv    | Identified the Tome of the Glacier (You found it in an ice cave)
 24842 | D:13     | Got a smelly leather armour
 24853 | D:13     | Identified the cursed +0 leather armour "Geateesk" {Int+3} (You found it on level 13 of the Dungeon)
 24915 | D:13     | Found Zafaoq's Weapon Shoppe.
 25122 | D:13     | Gained mutation: You evolve. [potion of beneficial mutation]
 25160 | D:13     | Offered knowledge of Poisonous Cloud by Vehumet.
 25308 | D:14     | Reached skill level 1 in Shields
 25799 | D:14     | Found a gate to the Vaults.
 25987 | D:14     | Found a blossoming altar of Fedhas.
 26082 | D:15     | Entered Level 15 of the Dungeon
 26388 | D:15     | Found a staircase to the Depths.
 26390 | D:15     | Noticed a fire giant
 26417 | D:15     | Reached XP level 15. HP: 98/110 MP: 5/36
 26769 | D:15     | Killed a fire giant
 27772 | Lair:6   | Offered knowledge of Orb of Destruction by Vehumet.
 27855 | Swamp:1  | Entered Level 1 of the Swamp
 27913 | Lair:5   | Gained mutation: You are partially covered in rugged brown scales (AC +1, +3% HP). [evolution]
 28697 | Swamp:1  | Got a faintly glowing dagger
 28761 | Swamp:1  | Identified the cursed +0 dagger "Usoamam" {freeze, rC+} (You found it on level 1 of the Swamp)
 28891 | Swamp:2  | Noticed a thorn hunter
 28900 | Swamp:1  | Killed a thorn hunter
 29137 | Swamp:2  | HP: 5/114 [eight-headed hydra (10)]
 29319 | Swamp:2  | Reached skill level 10 in Air Magic
 29810 | Swamp:3  | Reached ****** piety under Vehumet
 29826 | Swamp:3  | Noticed a thorn hunter
 29827 | Swamp:3  | Mangled by a shambling mangrove

Skill      XL: |  1  2  3  4  5  6  7  8  9 10 11 12 13 14 15 |
---------------+----------------------------------------------+-----
Spellcasting   | 3 4 5 7 9 11 12 13 14 15 16 | 16.0
Conjurations   | 2 3 4 5 6 7 8 9 10 11 12 | 12.7
Fire Magic     | 4 5 6 7 8 9 10 11 12 | 12.1
Fighting       | 1 3 5 6 7 8 9 |  9.3
Dodging        | 3 5 6 7 8 9 |  9.1
Evocations     | 3 5 6 7 |  7.3
Air Magic      | 4 8 10 | 10.4
Armour         | 3 4 |  4.9
Shields        | 2 4 |  4.0
Stealth        | |  2.1

Action                   |  1- 3 |  4- 6 |  7- 9 | 10-12 | 13-15 || total
-------------------------+-------+-------+-------+-------+-------++-------
Melee: Unarmed           |     2 |       |       |       |       ||     2
       Broad axe         |       |       |     2 |       |       ||     2
       Quarterstaff      |       |       |       |    17 |       ||    17
       Glaive            |       |       |       |     6 |       ||     6
       Falchion          |       |       |       |       |    60 ||    60
       Staff             |       |       |       |       |    80 ||    80
Throw: Tomahawk          |    12 |    10 |     2 |     2 |       ||    26
 Cast: Flame Tongue      |    54 |    91 |   291 |   273 |    27 ||   736
       Conjure Flame     |       |     3 |     5 |     7 |     5 ||    20
       Sticky Flame      |       |     1 |    33 |    65 |    53 ||   152
       Fireball          |       |       |     5 |   143 |   520 ||   668
       Iron Shot         |       |       |       |       |    21 ||    21
       Iskenderun's Batt |       |       |       |       |    15 ||    15
       Delayed Fireball  |       |       |       |       |     5 ||     5
       Freezing Cloud    |       |       |       |       |    17 ||    17
       Repel Missiles    |       |       |       |       |     2 ||     2
       Swiftness         |       |       |       |       |     1 ||     1
 Abil: Release Delayed F |       |       |       |       |     5 ||     5
       Evoke Flight      |       |       |       |       |     1 ||     1
Evoke: Crystal ball of e |       |       |       |    15 |     4 ||    19
       Wand              |       |       |       |     1 |    12 ||    13
  Use: Scroll            |       |    10 |     1 |    14 |    19 ||    44
       Potion            |       |       |       |     4 |     8 ||    12
  Eat: Chunk             |     1 |     5 |    13 |    26 |    37 ||    82
       Beef jerky        |       |       |     1 |     2 |     2 ||     5
       Royal jelly       |       |       |       |     1 |       ||     1
       Fruit             |       |       |       |     4 |     1 ||     5
       Pizza             |       |       |       |     3 |     3 ||     6
       Meat ration       |       |       |       |       |     2 ||     2
       Bread ration      |       |       |       |       |     1 ||     1
Armor: Robe              |     6 |     5 |    10 |     3 |    92 ||   116
       Ring mail         |       |       |       |    40 |       ||    40
Dodge: Dodged            |    14 |    28 |    77 |    80 |   207 ||   406
       Deflected         |       |       |       |       |     6 ||     6
Block: Other             |       |       |       |       |     8 ||     8
       Reflection        |       |       |       |       |     2 ||     2
       Buckler           |       |       |       |       |     5 ||     5
